 Dungeon Crawl Stone Soup version 0.27.0-1-g7a089689b8 (console) character file.

Game seed: 6831415265035729096

11 FIQ the Skirmisher (level 2, 0/36 HPs)
             Began as a Demonspawn Berserker on Aug 14, 2021.
             Was a Follower of Trog.
             Succumbed to a kobold's poison
             ... on level 1 of the Dungeon.
             The game lasted 00:00:19 (251 turns).

FIQ the Skirmisher (Demonspawn Berserker)            Turns: 251, Time: 00:00:20

Health: 0/36       AC:  4    Str: 17    XL:     2   Next: 13%
Magic:  2/2        EV: 12    Int:  8    God:    Trog [*.....]
Gold:   0          SH:  0    Dex: 12    Spells: 1/1 levels left

rFire    . . .     SeeInvis .   a - +0 falchion
rCold    . . .     Faith    .   (no shield)
rNeg     . . .     Spirit   .   b - +0 animal skin
rPois    .         Reflect  .   (no helmet)
rElec    .         Harm     .   (no cloak)
rCorr    .         Rampage  .   (no gloves)
Will     .....                  (no boots)
Stlth    ..........             (no amulet)
HPRegen  0.12/turn              (no ring)
MPRegen  0.08/turn              (no ring)

@: berserking (expiring), lethally poisoned (0 -> -3), very quick
A: molten scales 1
a: Renounce Religion, Berserk


You were on level 1 of the Dungeon.
You worshipped Trog.
Trog was aware of your devotion.
You visited 1 branch of the dungeon, and saw 1 of its levels.

Inventory:

Hand Weapons
 a - a +0 falchion (weapon)
Armour
 b - a +0 animal skin (worn)


   Skills:
 + Level 3.1 Fighting
 + Level 2.8 Long Blades
 + Level 2.0 Armour
 + Level 2.0 Dodging


You had one spell level left.
You didn't know any spells.
Your spell library was empty.

Dungeon Overview and Level Annotations

Branches:
Dungeon (1/15)

Altars:


Innate Abilities, Weirdness & Mutations

You are partially covered in molten scales. (AC +2)


Message History

Your Armour skill increases to level 2!
Your Dodging skill increases to level 2!
You hit the kobold but do no damage. The kobold misses you.
You riposte.
You slash the kobold!
You kill the kobold!
Trog accepts your kill. The kobold misses you.
You riposte.
You closely miss the kobold.
You have reached level 2!
Your demonic ancestry asserts itself...
Molten scales grow over part of your body.
You barely miss the kobold. The kobold hits you with a +0 club.
* * * LOW HITPOINT WARNING * * *
You slash the kobold!
You kill the kobold!
Trog accepts your kill.
A goblin comes into view. It is wielding a +0 dagger.
You slash the rat!
You kill the rat!
Trog accepts your kill.
You barely miss the kobold. The kobold hits you but does no damage.
You are lethally poisoned!
You completely miss the kobold.
* * * LOW HITPOINT WARNING * * *
You feel sick. The kobold misses you.
You slash the kobold!
You kill the kobold!
Trog accepts your kill.
* * * LOW HITPOINT WARNING * * *
You feel sick.
* * * LOW HITPOINT WARNING * * *
You feel sick.
Items here: ( )) †.
You feel a strong urge to attack something.
* * * LOW HITPOINT WARNING * * *
You feel sick. The goblin hits you but does no damage.
You closely miss the goblin. The goblin barely misses you.
You slash the goblin!
You kill the goblin!
Trog accepts your kill.
You die...

#.# #.# #.# #
#.# .## #.# ..^.
#.##...#
#########.)....#
#####........@#
...........)).#
#....>..).#
#..#####.......
#..# ##.....(
#..# #......#
#..# #.....##
#..#### #.###.#
#..†..# .. .#


There were no monsters in sight!

Vanquished Creatures
  2 goblins (D:1)
  2 hobgoblins (D:1)
  4 kobolds (D:1)
  A quokka (D:1)
  2 rats (D:1)
11 creatures vanquished.

Notes
Turn   | Place    | Note
-------+----------+-------------------------------------------
     0 | D:1      | FIQ the Demonspawn Berserker began the quest for the Orb.
     0 | D:1      | Reached XP level 1. HP: 18/18 MP: 1/1
   241 | D:1      | Gained mutation: You are partially covered in molten
                  | scales. (AC +2) [demonic ancestry]
   241 | D:1      | Reached XP level 2. HP: 8/24 MP: 2/2
   249 | D:1      | HP: 1/36 [poisoned by a kobold]
   251 | D:1      | Succumbed to a kobold's poison

Illustrated notes

Levels and vault maps discovered:
D:1:      erik_arrival_blinker_ship, layout_loops_ring, minmay_hedge_maze

Skill      XL: |  1 |
---------------+----+-----
Armour         | 2 |  2.0
Dodging        | 2 |  2.0
Fighting       | |  3.1
Long Blades    | |  2.8

Action                   || total
-------------------------++-------
Melee: Falchion          ||    26
Invok: Berserk           ||     1
Armor: Animal skin       ||     3
Dodge: Dodged            ||    19
       Rpst.: Falchion   ||     6
